 Dungeon Crawl Stone Soup version 0.31-a0-986-g5e6e4ef867 (webtiles) character file.

Game seed: 5594158692457754264

861 Maratek the Chopper (level 7, -2/61 HPs)
             Began as a Purple Draconian Fighter on Nov 3, 2023.
             Slain by a two-headed ogre
             ... wielding a +0 giant club
              (7 damage)
             ... on level 6 of the Dungeon.
             The game lasted 00:06:55 (4912 turns).

Maratek the Chopper (Purple Draconian Fighter)      Turns: 4912, Time: 00:06:56

Health: -2/61      AC:  8    Str: 20      XL:     7   Next: 71%
Magic:  7/7        EV: 12    Int:  7 (8)  God:
Gold:   191        SH:  9    Dex:  9 (11) Spells: 6/6 levels left

rFire   . . .        a - +1 war axe
rCold   . . .        b - +0 buckler
rNeg    . . .        (body armour unavailable)
rPois   +            (helmet restricted)
rElec   .            (no cloak)
rCorr   .            (no gloves)
SInv    .            d - +1 pair of boots
Will    +....        l - amulet of reflection
Stlth   ++           n - ring of poison resistance
HPRegen 0.30/turn    (no ring)
MPRegen 0.10/turn

%: reflection
@: short of breath
A: breathe power, AC +6, unfitting armour, cold-blooded
a: Breathe Dispelling Energy


You were on level 6 of the Dungeon.
You visited 1 branch of the dungeon, and saw 6 of its levels.

You collected 191 gold pieces.

Inventory:

Hand Weapons
 a - a +1 war axe (weapon)
Armour
 b - a +0 buckler (worn)
 d - a +1 pair of boots (worn)
Jewellery
 j - an amulet of faith
 l - an amulet of reflection (around neck)
 n - a ring of poison resistance (left hand)
Wands
 e - a wand of quicksilver (14)
Scrolls
 f - a scroll of fear
 g - 2 scrolls of noise
 k - a scroll of identify
 o - a scroll of poison {unknown}
 q - a scroll of fog {unknown}
 r - 3 scrolls of vulnerability {unknown}
 s - a scroll of teleportation
Potions
 c - a potion of might
 h - a potion of lignification
 i - a potion of brilliance
 m - 2 potions of curing
 p - a potion of mutation {unknown}
 t - a potion of invisibility {unknown}


   Skills:
 + Level 5.0 Fighting
 + Level 6.0 Axes
 + Level 4.4 Dodging
 + Level 1.8 Stealth
 + Level 4.4 Shields


You had 6 spell levels left.
You didn't know any spells.
Your spell library contained the following spells:

 Spells                   Type           Power      Damage    Failure   Level
 Chain Lightning          Conj/Air       0%         N/A       100%        9
 Fire Storm               Conj/Fire      0%         5d1       100%        9
 Shatter                  Erth           0%         3d5*      100%        9


Dungeon Overview and Level Annotations

Branches:
Dungeon (6/15)
 Temple: D:4-7

Altars:
Nemelex Xobeh
Ru

Annotations:
D:4 3 runed translucent doors, AceOff's ghost, amateur OpSh
D:5 2 transporters, bmj180's ghost, novice HuCj


Innate Abilities, Weirdness & Mutations

You can breathe bolts of dispelling energy.
Your rich purple scales are hard. (AC +6)
You cannot fit into any form of body armour.
You are cold-blooded and may be slowed by cold attacks.


Message History

You are too injured to fight recklessly!
You are too injured to fight recklessly!
You are too injured to fight recklessly!
You are too injured to fight recklessly!
You are too injured to fight recklessly!
You are too injured to fight recklessly!
You hit the two-headed ogre.
The two-headed ogre is heavily wounded.
You hit the ice beast.
The ice beast hits you but does no damage.
You block the two-headed ogre's attack.
The two-headed ogre hits you with a +0 dire flail.
The ice beast hits you but does no damage.
You barely miss the two-headed ogre.
The two-headed ogre is heavily wounded.
You barely miss the ice beast. You block the two-headed ogre's attack.
The two-headed ogre misses you.
The ice beast hits you but does no damage.
You hit the two-headed ogre.
The two-headed ogre is heavily wounded.
You closely miss the ice beast. The ice beast misses you.
The two-headed ogre hits you with a +0 giant club!
* * * LOW HITPOINT WARNING * * *
The two-headed ogre hits you with a +0 dire flail.
* * * LOW HITPOINT WARNING * * *
You hit the two-headed ogre but do no damage.
The two-headed ogre is heavily wounded.
You closely miss the ice beast. You block the ice beast's attack.
You closely miss the two-headed ogre.
You tail-slap the two-headed ogre, but do no damage.
The two-headed ogre is heavily wounded.
You barely miss the ice beast.
The two-headed ogre completely misses you.
You block the two-headed ogre's attack. You block the ice beast's attack.
You hit the two-headed ogre but do no damage.
The two-headed ogre is heavily wounded.
You closely miss the ice beast.
The ice beast hits you but does no damage.
The two-headed ogre hits you with a +0 giant club!
You die...

### #.# #.# ### #.# #.#
#### . . #.##
#.###...... #.##
##..#####....##....
....##..................
#...####...##@Y......
##.## ###.###O......
#.## #.# :.....# #..#
#.. .....## #..# ##.#
....## ##.# ###.# ...##
##.###...... ..##
##......# ## ..# #
##.....###


You could see a two-headed ogre and an ice beast.

Vanquished Creatures
  A black bear (D:5)
  A water moccasin (D:6)
  An ice beast (D:5)
  A phantom (D:6)
  A howler monkey (D:5)
  A hound (D:4)
  A jelly (D:5)
  A sleepcap (D:4)
  4 iguanas
  3 orc wizards (D:4)
  5 adders
  2 shadow imps
  A white imp (D:5)
  4 ufetubi (D:5)
  3 dart slugs
  11 orcs
  7 bats
  6 endoplasms
  6 goblins
  14 hobgoblins
  5 jackals
  8 kobolds
  A quokka (D:2)
  10 ball pythons
  7 rats
105 creatures vanquished.

Notes
Turn   | Place    | Note
-------+----------+-------------------------------------------
     0 | D:1      | Maratek the Draconian Fighter began the quest for the Orb.
     0 | D:1      | Reached XP level 1. HP: 19/19 MP: 1/1
   271 | D:1      | Reached XP level 2. HP: 23/26 MP: 2/2
   962 | D:2      | Reached XP level 3. HP: 33/33 MP: 3/3
  1077 | D:2      | Reached skill level 3 in Axes
  1133 | D:2      | Reached XP level 4. HP: 40/40 MP: 4/4
  1603 | D:3      | You fall into a shaft and drop 2 floors!
  1603 | D:5      | Entered Level 5 of the Dungeon
  1857 | D:5      | Found a transporter.
  1862 | D:5      | Noticed bmj180's ghost (novice HuCj)
  1873 | D:4      | Reached XP level 5. HP: 46/46 MP: 5/5
  1905 | D:4      | Reached skill level 4 in Axes
  2113 | D:3      | Reached skill level 1 in Stealth
  2628 | D:3      | Found a faded altar of an unknown god.
  2834 | D:4      | Reached XP level 6. HP: 52/52 MP: 6/6
  3122 | D:4      | Found a sparkling altar of Nemelex Xobeh.
  3262 | D:4      | Found a runed translucent gate.
  3263 | D:4      | Found a runed translucent gate.
  3266 | D:4      | Found a runed translucent gate.
  3266 | D:4      | Noticed AceOff's ghost (amateur OpSh)
  3583 | D:5      | Reached skill level 5 in Axes
  3686 | D:5      | Found a transporter.
  3797 | D:5      | Found a sacrificial altar of Ru.
  4000 | D:5      | Noticed an ice beast
  4014 | D:5      | Killed an ice beast
  4015 | D:5      | Your scales start taking on a rich purple colour.
  4015 | D:5      | Reached XP level 7. HP: 43/60 MP: 7/7
  4880 | D:6      | Reached skill level 5 in Fighting
  4880 | D:6      | Reached skill level 6 in Axes
  4897 | D:6      | Noticed a two-headed ogre
  4912 | D:6      | Slain by a two-headed ogre

Illustrated notes

Levels and vault maps discovered:
D:1:      dpeg_arrival_renting, layout_basic, minmay_tetromino_o4
D:2:      layout_basic
D:3:      layout_basic, shapermc_ecumenical_altar_mp_urbaneastern
D:4:      layout_basic, nemelex_diamond_rough_becter,
          gammafunk_ghost_nasty_kobolds, hangedman_decor_riveting,
          corexii_item_surrounded_by_moat, minmay_goblin_kobold_house
D:5:      layout_layer_cave, mainiacjoe_overflow_paths,
          gammafunk_ghost_stat_death, kennysheep_generic_room_10
D:6:      layout_layer_cave, mainiacjoe_overflow_swirl

Skill      XL: |  1  2  3  4  5  6  7 |
---------------+----------------------+-----
Dodging        | 3 4 |  4.4
Axes           | 3 4 5 6 |  6.0
Fighting       | 4 5 |  5.0
Stealth        | 1 |  1.8
Shields        | 4 |  4.4

Action                     |  1- 3 |  4- 6 |  7- 9 || total
---------------------------+-------+-------+-------++-------
  Melee: War axe           |    91 |   213 |    44 ||   348
         Tailslap          |     5 |    22 |     7 ||    34
Ability: Breathe Dispellin |       |       |     6 ||     6
    Use: Scroll            |     3 |     4 |       ||     7
         Potion            |       |     6 |       ||     6
   Stab: Sleeping          |       |     3 |       ||     3
         Distracted        |       |     1 |       ||     1
 Armour: Skin              |    56 |   125 |    42 ||   223
  Dodge: Dodged            |    57 |   118 |    25 ||   200
  Block: Buckler           |    26 |    95 |    33 ||   154
         Reflection        |       |     2 |       ||     2

Table legend: (Time is in decaauts)
 A = Elapsed time spent in this place.
 B = Non-inter-level travel time spent in this place.
 C = Inter-level travel time spent in this place.
 D = Time resting spent in this place.
 E = Time spent auto-exploring this place.
 F = Levels seen in this place.
 G = Mean time per level.
                   A        B        C        D        E       F      G
               +--------+--------+--------+--------+--------+-----+--------+
         Total |   5009 |   4886 |    123 |    524 |   3462 |   6 |  834.8 |
       Dungeon |   5009 |   4886 |    123 |    524 |   3462 |   6 |  834.8 |
               +--------+--------+--------+--------+--------+-----+--------+

Top non-repeatable levels by time:
     D:5: 1519 daAuts
     D:1: 934 daAuts
     D:4: 926 daAuts
     D:3: 904 daAuts
     D:2: 556 daAuts
     D:6: 169 daAuts
